 Dungeon Crawl Stone Soup version 0.23.2-40-g277498a001 (webtiles) character file.

Game seed: 11737586450665885321

2093 Kikorro the Carver (level 9, 0/75 HPs)
             Began as a White Draconian Fighter on Sept 5, 2019.
             Was a Believer of the Shining One.
             Splashed by an acid dragon's acid (13 damage)
             ... on level 6 of the Dungeon.
             The game lasted 00:24:05 (7322 turns).

Kikorro the Carver (White Draconian Fighter)        Turns: 7322, Time: 00:24:06

Health: 0/75       AC: -3    Str: 22    XL:     9   Next: 7%
Magic:  18/18      EV: 12    Int:  9    God:    the Shining One [**....]
Gold:   194        SH: 11    Dex: 10    Spells: 8/8 levels left

rFire    . . .     SeeInvis .   a - +1 long sword
rCold    + . .     Gourm    .   b - +1 shield
rNeg     + . .     Faith    .   (armour unavailable)
rPois    .         Spirit   .   m - +0 hat
rElec    .         Reflect  .   B - +0 cloak
rCorr    .         Harm     .   y - +0 pair of gloves
MR       .....                  (no boots)
Stlth    +.........             (no amulet)
HPRegen  0.22/turn              A - ring of magical power
MPRegen  0.16/turn              (no ring)

@: corroded, glowing
A: breathe frost, unfitting armour, cold resistance 1, cold-blooded, AC +7
a: Breathe Frost, Divine Shield, Renounce Religion


You were on level 6 of the Dungeon.
You worshipped the Shining One.
The Shining One was pleased with you.
You were not hungry.

You visited 1 branch of the dungeon, and saw 6 of its levels.

You collected 194 gold pieces.

Inventory:

Hand Weapons
 a - a +1 long sword (weapon)
Armour
 b - a +1 shield (worn)
 m - a +0 hat (worn)
 y - a +0 pair of gloves (worn)
 B - a +0 cloak (worn)
Jewellery
 A - a ring of magical power (left hand)
Scrolls
 f - 4 scrolls of enchant weapon
 g - a scroll of blinking {unknown}
 i - 2 scrolls of enchant armour
 n - a scroll of immolation {unknown}
 o - a scroll of amnesia {unknown}
 r - a scroll of magic mapping {unknown}
 s - 4 scrolls of remove curse
 u - 3 scrolls of teleportation
 v - 2 scrolls of random uselessness {unknown}
Potions
 c - 2 potions of might
 e - a potion of heal wounds
 h - a potion of lignification
 j - a potion of flight {unknown}
 k - a potion of mutation {unknown}
 l - 2 potions of resistance {unknown}
 p - a potion of curing
 q - 2 potions of brilliance
 w - a potion of magic {unknown}
 x - a potion of berserk rage
 z - 2 potions of agility {unknown}
Comestibles
 d - 7 rations
 C - 2 chunks of flesh


   Skills:
 + Level 6.2 Fighting
 + Level 8.2 Long Blades
 + Level 5.3 Dodging
 + Level 6.2 Shields


You had 8 spell levels left.
You didn't know any spells.
Your spell library was empty.

Dungeon Overview and Level Annotations

Branches:
Dungeon (6/15)
 Temple: D:4-7

Altars:
Ashenzari
Qazlal
Ru
Sif Muna
Xom
The Shining One


Innate Abilities, Weirdness & Mutations

You can breathe waves of freezing cold.
You can buffet flying creatures when you breathe cold.
Your icy white scales are hard. (AC +7)
You cannot fit into any form of body armour.
Your flesh is cold resistant. (rC+)
You are cold-blooded and may be slowed by cold attacks.


Message History

You start resting.
The acid dragon is too close now for your liking.
The acid dragon roars!
The acid dragon spits acid at you. The splash of acid hits you!
You are splashed with acid.
You are no longer corroded.
You start resting.
The acid dragon is too close now for your liking.
The acid dragon spits acid at you. The splash of acid hits you!
The acid corrodes you!
You are splashed with acid!
The acid dragon spits acid at you. You block the splash of acid.
The acid dragon spits acid at you. The splash of acid hits you!
The acid corrodes you!
You are splashed with acid!
* * * LOW HITPOINT WARNING * * *
The acid dragon spits acid at you. The splash of acid hits you!
* * * LOW HITPOINT WARNING * * *
The acid corrodes you!
You are splashed with acid!
You die...

#...........# #..#
#..........## ##.##
##.......### #..# #.....###
##.## #...### #..# ##### ####
##.## #####..## #.D#
####.......## ##.##
###.......@...## ##.#
##..............## #.##
#<..<............# ##.#
#.................## ##.##
#..................######.D.#
#....................#.......(
#....................D..)..####
##...................#######
#..................##


You could see an acid dragon.

Vanquished Creatures
  Sigmund (D:2)
  Eustachio (D:4)
  Menkaure (D:6)
  An ice beast (D:5)
  3 sky beasts (D:5)
  3 ogres
  2 centaurs
  A bullfrog (D:5)
  3 scorpions
  3 crimson imps (D:5)
  A hound (D:5)
  A bullfrog skeleton (D:6)
  A jelly (D:6)
  2 orc priests (D:3)
  2 orc wizards (D:5)
  An iguana (D:6)
  5 worker ants
  A hound zombie (D:5)
  A hound skeleton (D:5)
  A howler monkey skeleton (D:4)
  5 adders
  A shadow imp (D:5)
  3 worms (D:3)
  4 dart slugs
  4 leopard geckos
  13 orcs
  A ball python (D:2)
  7 bats
  5 giant cockroaches
  15 goblins
  4 hobgoblins
  15 jackals
  4 quokkas
  2 frilled lizards
  2 kobolds (D:3)
  A quokka skeleton (D:5)
  5 rats
126 creatures vanquished.

Notes
Turn   | Place    | Note
-------+----------+-------------------------------------------
     0 | D:1      | Kikorro the Draconian Fighter began the quest for the Orb.
     0 | D:1      | Reached XP level 1. HP: 19/19 MP: 1/1
   150 | D:1      | Reached XP level 2. HP: 26/26 MP: 2/2
  1029 | D:2      | Noticed Sigmund
  1378 | D:2      | Reached XP level 3. HP: 31/33 MP: 3/3
  1488 | D:2      | Found a glowing golden altar of the Shining One.
  1495 | D:2      | Became a worshipper of the Shining One
  1506 | D:2      | Found a shimmering altar of Xom.
  1608 | D:2      | Killed Sigmund
  1608 | D:2      | Reached skill level 3 in Long Blades
  1608 | D:2      | Reached XP level 4. HP: 18/40 MP: 4/4
  1608 | D:2      | Reached XP level 5. HP: 21/46 MP: 5/5
  1947 | D:2      | Found a sacrificial altar of Ru.
  2047 | D:2      | Found a stormy altar of Qazlal.
  2049 | D:2      | Noticed an air elemental
  2050 | D:2      | Noticed a water elemental
  2050 | D:2      | Noticed a fire elemental
  2878 | D:3      | Reached XP level 6. HP: 53/53 MP: 6/6
  3321 | D:3      | Reached skill level 4 in Long Blades
  4037 | D:4      | Noticed Eustachio
  4097 | D:4      | Killed Eustachio
  4097 | D:4      | Your scales start taking on an icy white colour.
  4097 | D:4      | Reached XP level 7. HP: 49/60 MP: 7/7
  4097 | D:4      | Gained mutation: Your flesh is cold resistant. (rC+) [White
                  | Draconian growth]
  4649 | D:5      | Entered Level 5 of the Dungeon
  4650 | D:5      | Reached * piety under the Shining One
  4669 | D:5      | Reached skill level 5 in Long Blades
  4693 | D:5      | Found a shattered altar of Ashenzari.
  4713 | D:5      | Reached skill level 5 in Fighting
  4722 | D:5      | Reached skill level 5 in Shields
  4730 | D:5      | Reached skill level 6 in Long Blades
  4929 | D:5      | Reached XP level 8. HP: 68/68 MP: 8/8
  5520 | D:5      | Reached skill level 7 in Long Blades
  5608 | D:5      | Found a deep blue altar of Sif Muna.
  5694 | D:5      | Reached skill level 5 in Dodging
  6113 | D:6      | Noticed Menkaure
  6223 | D:6      | Killed Menkaure
  6223 | D:6      | Reached skill level 8 in Long Blades
  6610 | D:6      | HP: 2/70 [acid (11)]
  6620 | D:6      | HP: 3/70 [acid (12)]
  6626 | D:6      | HP: 3/70 [giant cockroach (1)]
  6961 | D:6      | Reached XP level 9. HP: 75/75 MP: 9/9
  6968 | D:6      | Reached ** piety under the Shining One
  7322 | D:6      | Splashed by an acid dragon's acid

Skill      XL: |  1  2  3  4  5  6  7  8 |
---------------+-------------------------+-----
Dodging        | 3 4 5 |  5.3
Fighting       | 4 5 6 |  6.2
Long Blades    | 3 4 6 8 |  8.2
Shields        | 4 5 6 |  6.2

Action                   |  1- 3 |  4- 6 |  7- 9 || total
-------------------------+-------+-------+-------++-------
Melee: Long sword        |    88 |   174 |   180 ||   442
       Tailslap          |     6 |    22 |    22 ||    50
  Use: Scroll            |     2 |     1 |     6 ||     9
       Potion            |     1 |       |     2 ||     3
 Stab: Sleeping          |     1 |       |       ||     1
  Eat: Ration            |     1 |       |     1 ||     2
       Chunk             |       |     7 |     7 ||    14
Armor: Skin              |    34 |    39 |    43 ||   116
Dodge: Dodged            |    35 |    79 |    66 ||   180
Block: Shield            |    55 |   104 |   109 ||   268
       Rpst.: Long sword |    13 |    24 |    18 ||    55
